 Dungeon Crawl Stone Soup version 0.31.0-9-g3a7656b989 (webtiles) character file.

Game seed: 17165952392411782359

1210 qw the Skirmisher (level 8, 0/40 HPs)
             Began as a Spriggan Hunter on Feb 2, 2024.
             Engulfed by a steam dragon's steam (5 damage)
             ... on level 6 of the Dungeon.
             The game lasted 00:00:19 (3784 turns).

qw the Skirmisher (Spriggan Hunter)                 Turns: 3784, Time: 00:00:19

Health: 0/40       AC:  2    Str:  7    XL:     8   Next: 22%
Magic:  9/9        EV: 23    Int: 10    God:
Gold:   217        SH:  0    Dex: 21    Spells: 7/7 levels left

rFire   . . .        a - +1 shortbow
rCold   . . .        (shield currently unavailable)
rNeg    . . .        c - +0 robe
rPois   .            (helmet restricted)
rElec   .            (no cloak)
rCorr   .            (gloves unavailable)
SInv    +            (boots unavailable)
Will    +....        f - amulet of regeneration
Stlth   ++           (no ring)
HPRegen 1.06/turn    (no ring)
MPRegen 0.11/turn

%: no passive effects
@: about to teleport, very quick
A: very small, no large weapons, unfitting armour, see invisible, speed 3
a: no special abilities


You were on level 6 of the Dungeon.
You visited 1 branch of the dungeon, and saw 6 of its levels.

You collected 357 gold pieces.
You spent 140 gold pieces at shops.


Innate Abilities, Weirdness & Mutations

You are very small and have problems with some larger weapons.
You are too small for most types of armour.
You have supernaturally acute eyesight. (SInv)
You cover ground extremely quickly. (Speed+++)


   Skills:
 - Level 3.1 Fighting
 + Level 8.3 Ranged Weapons
 - Level 8.0 Dodging
 - Level 1.5 Stealth


You had 7 spell levels left.
You didn't know any spells.
Your spell library was empty.

Inventory:

Hand Weapons
 a - a +1 shortbow (weapon)
Armour
 c - a +0 robe (worn)
 l - a +0 cloak
Jewellery
 f - an amulet of regeneration (around neck)
 p - an amulet of the acrobat
Wands
 h - a wand of mindburst (20)
 i - a wand of flame (44)
 m - a wand of iceblast (9)
 n - a wand of polymorph (5)
Scrolls
 g - 2 scrolls of teleportation
 o - a scroll of identify
Potions
 b - a potion of invisibility {unknown}
 d - a potion of enlightenment
 e - 3 potions of curing
 j - a potion of might
 k - 2 potions of haste {unknown}

Dungeon Overview and Level Annotations

Branches:
Dungeon (6/15)
 Temple: D:4-7

Altars:
Dithmenos
Hepliaklqana

Shops:
D:4 *

Annotations:
D:5 1 runed translucent door, qw's ghost, novice DjHu


Message History

You kill the orc wizard!
You start resting.
A steam dragon comes into view.
You shoot an arrow. The steam dragon hisses angrily.
The arrow hits the steam dragon.
The steam dragon is lightly wounded.
You shoot an arrow.
The arrow completely misses the steam dragon.
The steam dragon breathes steam at you. The ball of steam misses you.
You're standing in a cloud of steam!
You are engulfed in a cloud of scalding steam.
3777 ||| Stepping ~*~*~tactically~*~*~ (cloud).
You now have 217 gold pieces (gained 20).
Items here: %% )) [[.
You shoot an arrow.
The arrow hits the steam dragon but does no damage.
The steam dragon is lightly wounded.
You are engulfed in a cloud of scalding steam.
You shoot an arrow.
The arrow hits the steam dragon but does no damage.
The steam dragon is lightly wounded.
You shoot an arrow. The arrow hits the steam dragon.
The steam dragon is lightly wounded.
The steam dragon breathes steam at you. The ball of steam hits you!!
You hear a shout!
You shoot an arrow.
The arrow closely misses the steam dragon.
You are engulfed in a cloud of scalding steam.
You shoot an arrow. The arrow hits the steam dragon.
The steam dragon is lightly wounded.
You are engulfed in a cloud of scalding steam.
The steam dragon barely misses you. x2
3784 ||| READING 3 scrolls of teleportation.
As you read the scroll of teleportation, it crumbles to dust.
You feel strangely unstable.
You are engulfed in a cloud of scalding steam.
You die...

## ##########.##
....%.....#.#
#..........#########
#.#######...........
#.# #.########## #.#
#.############.. #.#
#......D@¤¤..).. #.#
##############.# ..#
#..# #.# ..# ### #o
#. #.


You could see a steam dragon (catching breath).

Vanquished Creatures
  3 ogres
  A phantom (D:5)
  2 scorpions
  4 wights (D:5)
  2 orc priests
  2 hounds (D:4)
  3 bombardier beetles
  A jelly (D:5)
  3 iguanas
  3 orc wizards
  6 adders
  2 ufetubi (D:5)
  5 dart slugs
  3 orcs
  8 endoplasms
  4 giant cockroaches (D:1)
  10 hobgoblins
  8 jackals
  6 quokkas
  6 ball pythons
  12 bats
  A frilled lizard (D:3)
  7 goblins
  8 kobolds
  5 rats
115 creatures vanquished.

Notes
Turn   | Place    | Note
-------+----------+-------------------------------------------
     0 | D:1      | qw the Spriggan Hunter began the quest for the Orb.
     0 | D:1      | Reached XP level 1. HP: 10/10 MP: 2/2
     0 | D:1      | 0 ||| qw: Version: 0.3-a-155-g5e7d8dd
     0 | D:1      | 0 ||| qw: Game counter: 1672
     0 | D:1      | 0 ||| qw: Melee chars always use a shield: true
     0 | D:1      | 0 ||| qw: God list: Okawaru
     0 | D:1      | 0 ||| qw: Allow faded altars: false
     0 | D:1      | 0 ||| qw: Do Orc after clearing Dungeon:15 true
     0 | D:1      | 0 ||| qw: Do second Lair branch before Depths: true
     0 | D:1      | 0 ||| qw: Lair rune preference: random
     0 | D:1      | 0 ||| qw: Goals: Normal
     0 | D:1      | 0 ||| PLANNING D:1-11
    12 | D:1      | Reached skill level 3 in Dodging
    98 | D:1      | Reached XP level 2. HP: 12/14 MP: 3/3
   416 | D:1      | Found a faded altar of an unknown god.
   469 | D:1      | Reached XP level 3. HP: 18/18 MP: 4/4
   665 | D:1      | 665 ||| READING scroll labelled FEUSKE QUASCH.
   665 | D:1      | 665 ||| ENCHANTING +0 shortbow.
   666 | D:1      | 666 ||| READING scroll labelled XIRUOG DAXT.
   666 | D:1      | 666 ||| IDENTIFYING fizzy pink potion
   667 | D:1      | 667 ||| READING 2 scrolls labelled ZOXONA BEARPH.
   671 | D:1      | 671 ||| READING scroll labelled ODYSOS PEGIRR.
   671 | D:1      | 671 ||| ENCHANTING +1 shortbow.
   672 | D:1      | 672 ||| DROPPING scroll of butterflies.
   731 | D:2      | Identified the +7 quarterstaff of Pride {drain, Will+
                  | Int+4}
  1079 | D:2      | Reached XP level 4. HP: 22/22 MP: 5/5
  1412 | D:2      | 1412 ||| READING scroll labelled ACARYU DEIBEIPP.
  1413 | D:2      | 1413 ||| READING scroll labelled KETRIC SOZI.
  1414 | D:2      | 1414 ||| READING scroll labelled EREXTEV QINUPHI.
  1915 | D:3      | Reached XP level 5. HP: 24/26 MP: 6/6
  1978 | D:3      | Found a hazy altar of Hepliaklqana.
  1984 | D:3      | Found a faded altar of an unknown god.
  2086 | D:3      | 2086 ||| UPGRADING to amulet of regeneration.
  2091 | D:3      | 2091 ||| READING 2 scrolls of identify.
  2091 | D:3      | 2091 ||| IDENTIFYING murky emerald potion
  2092 | D:3      | 2092 ||| READING scroll of identify.
  2092 | D:3      | 2092 ||| IDENTIFYING puce potion
  2093 | D:3      | 2093 ||| READING scroll labelled GOUGRY YCOUCECSIP.
  2094 | D:3      | 2094 ||| DRINKING 2 bubbling white potions.
  2095 | D:3      | 2095 ||| DROPPING potion of ambrosia.
  2208 | D:4      | Noticed an ogre
  2209 | D:4      | Reached skill level 6 in Ranged Weapons
  2209 | D:4      | 2209 ||| ZAPPING wand of mindburst (23) at 7,5 (ogre;
                  | floor).
  2210 | D:4      | 2210 ||| ZAPPING wand of mindburst (22) at 6,4 (ogre;
                  | floor).
  2211 | D:4      | 2211 ||| ZAPPING wand of mindburst (21) at 5,4 (ogre;
                  | floor).
  2211 | D:4      | Killed an ogre
  2212 | D:4      | Reached skill level 6 in Dodging
  2212 | D:4      | Reached XP level 6. HP: 30/30 MP: 7/7
  2374 | D:4      | Found Vohevat's General Store.
  2396 | D:4      | 2396 ||| BUYING potion of curing (42 gold).
  2396 | D:4      | Bought a potion of curing for 42 gold pieces
  2396 | D:4      | 2396 ||| SHOPLISTING ring of positive energy (280 gold,
                  | have 139).
  2396 | D:4      | 2396 ||| BUYING wand of polymorph (5) (98 gold).
  2396 | D:4      | Bought a wand of polymorph (5) for 98 gold pieces
  2443 | D:4      | HP: 7/30 [ogre/+0 giant spiked club (23)]
  2444 | D:4      | 2444 ||| READING 4 scrolls of teleportation.
  2448 | D:4      | 2448 ||| FLEEEEING.
  2449 | D:4      | 2449 ||| FLEEEEING.
  2450 | D:4      | 2450 ||| FLEEEEING.
  2453 | D:4      | 2453 ||| FLEEEEING.
  2612 | D:4      | 2612 ||| READING scroll of identify.
  2612 | D:4      | 2612 ||| IDENTIFYING fuming blue potion
  2613 | D:4      | 2613 ||| READING scroll labelled COJUXU OVOS.
  2714 | D:4      | 2714 ||| READING scroll labelled QURYST YTAA.
  2727 | D:4      | 2727 ||| DROPPING potion of degeneration.
  2741 | D:5      | Entered Level 5 of the Dungeon
  2741 | D:5      | Found a runed translucent door.
  2764 | D:5      | Reached XP level 7. HP: 27/35 MP: 8/8
  2891 | D:5      | HP: 5/33 [wight/+2 mace (6)]
  2892 | D:5      | 2892 ||| READING 4 scrolls of teleportation.
  2893 | D:5      | 2893 ||| DRINKING potion of heal wounds.
  3082 | D:5      | Reached XP level 8. HP: 39/39 MP: 9/9
  3180 | D:5      | Noticed qw's ghost (novice DjHu)
  3181 | D:5      | Noticed a two-headed ogre
  3460 | D:5      | 3460 ||| DRINKING 2 coppery potions.
  3584 | D:6      | 3584 ||| FLEEEEING.
  3585 | D:6      | 3585 ||| FLEEEEING.
  3586 | D:6      | 3586 ||| FLEEEEING.
  3587 | D:6      | 3587 ||| FLEEEEING.
  3590 | D:6      | 3590 ||| FLEEEEING.
  3591 | D:6      | 3591 ||| FLEEEEING.
  3685 | D:6      | Found a shadowy altar of Dithmenos.
  3766 | D:6      | Reached skill level 3 in Fighting
  3777 | D:6      | 3777 ||| Stepping ~*~*~tactically~*~*~ (cloud).
  3783 | D:6      | HP: 3/40 [steam dragon] (10)]
  3784 | D:6      | 3784 ||| READING 3 scrolls of teleportation.
  3784 | D:6      | Engulfed by a steam dragon's steam

Levels and vault maps discovered:
D:1:      mainiacjoe_arrival_oval_in_oval, layout_loops_ring,
          hellmonk_ecumenical_altar_heavens_door
D:2:      minmay_skewed_foursquare, layout_loops_ring
D:3:      layout_basic, beargit_hepliaklqana_dungeon_heroes, glass_columns_a,
          grunt_ministairs_8
D:4:      layout_cave_pools, serial_shops, nicolae_shop_peninsula
D:5:      layout_gridville, ebering_ghost_inner_flame
D:6:      layout_loops_ring, old_standard_altar, gammafunk_temple_overflow_wave,
          fedhas_altar_4, nicolae_dithmenos_through_a_glass_darkly,
          reono_crystal_passage

Skill      XL: |  1  2  3  4  5  6  7  8 |
---------------+-------------------------+-----
Dodging        | 3 4 5 6 7 8 |  8.0
Ranged Weapons | 5 6 7 8 |  8.3
Fighting       | 2 3 |  3.1
Stealth        | |  1.5

Action                     |  1- 3 |  4- 6 |  7- 9 || total
---------------------------+-------+-------+-------++-------
   Fire: Shortbow          |   114 |   158 |   136 ||   408
  Evoke: Wand              |       |     3 |       ||     3
    Use: Scroll            |     4 |    10 |     2 ||    16
         Potion            |       |     1 |     2 ||     3
 Armour: Robe              |    11 |     8 |    25 ||    44
  Dodge: Dodged            |    47 |    59 |    82 ||   188

Table legend:
 A = Non-vault XP
 B = Vault XP
 C = Vault XP percentage of total XP
 D = Non-vault monster count
 E = Vault monster count
 F = Vault count percentage of total count
                 A         B        C        D         E       F
            +---------+---------+-------+---------+---------+-------
      Total |    1684 |      45 |   2.6 |     109 |       6 |   5.2
            +---------+---------+-------+---------+---------+-------
        D:1 |      49 |       0 |   0.0 |      27 |       0 |   0.0
        D:2 |      54 |       6 |  10.0 |      16 |       3 |  15.8
        D:3 |      91 |      39 |  30.0 |      22 |       3 |  12.0
        D:4 |     492 |       0 |   0.0 |      22 |       0 |   0.0
        D:5 |     707 |       0 |   0.0 |      14 |       0 |   0.0
        D:6 |     291 |       0 |   0.0 |       8 |       0 |   0.0
            +---------+---------+-------+---------+---------+-------
